 Dungeon Crawl Stone Soup version 0.18-a0-824-g47fe746 (webtiles) character file.

133 patman the Twirler (level 5, -7/30 HPs)
             Began as a Kobold Gladiator on Dec 17, 2015.
             Killed from afar by a hobgoblin (8 damage)
             ... with a wand of magic darts
             ... on level 3 of the Dungeon.
             The game lasted 00:03:35 (595 turns).

patman the Twirler (Kobold Gladiator)                Turns: 595, Time: 00:03:35

Health: -7/30      AC:  4    Str: 13    XL:     5   Next: 40%
Magic:  5/5        EV: 16    Int:  6    God:
Gold:   47         SH:  0    Dex: 18    Spells: 0 memorised, 4 levels left

rFire  . . .     SeeInvis .     a - +1 quarterstaff
rCold  . . .     Gourm    .     b - +0 leather armour
rNeg   . . .     Faith    .     (shield currently unavailable)
rPois  .         Spirit   .     c - +0 helmet
rElec  .         Dismiss  .     (no cloak)
rCorr  .         Reflect  .     (no gloves)
SustAt .         Harm     .     (no boots)
MR     .....                    (no amulet)
Stlth  +.........               (no ring)
                                (no ring)

@: not resistant to hostile enchantments, very unstealthy
A: carnivore 3
a: no special abilities


You were on level 3 of the Dungeon.
You were very full.

You visited 1 branch of the dungeon, and saw 4 of its levels.

You collected 47 gold pieces.

Inventory:

Hand Weapons
 a - a +1 quarterstaff (weapon)
Missiles
 d - 2 throwing nets (quivered)
 g - 65 stones
Armour
 b - a +0 leather armour (worn)
 c - a +0 helmet (worn)
 j - a +0 ring mail
Scrolls
 e - a scroll of amnesia {unknown}
 l - a scroll of enchant armour {unknown}
Potions
 i - a potion of curing {unknown}
 k - a potion of haste {unknown}
Comestibles
 f - 2 meat rations
 h - a chunk of flesh


   Skills:
 - Level 2.1 Fighting
 + Level 5.1 Staves
 - Level 2.1 Throwing
 - Level 3.6 Dodging


You had 4 spell levels left.
You didn't know any spells.

Dungeon Overview and Level Annotations

Branches:
Dungeon (4/15)
 Temple: D:4-7

Altars:
Sif Muna
Vehumet
Yredelemnul

Annotations:
D:4 nublet's ghost, amateur CeTm


Innate Abilities, Weirdness & Mutations

You are small and have problems with some larger weapons.
You are carnivorous and can eat meat at any time.


Message History

The giant gecko barely misses you.
You see here a kobold corpse.
You hit the giant gecko.
The giant gecko is severely wounded.
The giant gecko misses you.
You barely miss the giant gecko.
The giant gecko is severely wounded.
The giant gecko barely misses you.
You hit the giant gecko.
You kill the giant gecko!
You closely miss the hobgoblin. The hobgoblin hits you.
You barely miss the hobgoblin.
The hobgoblin zaps a wand.
The magic dart hits you!
* * * LOW HITPOINT WARNING * * *
It is a wand of magic darts.
You hit the hobgoblin but do no damage. The hobgoblin hits you.
* * * LOW HITPOINT WARNING * * *
You hit the hobgoblin but do no damage.
The hobgoblin zaps a wand.
The magic dart hits you!
You die...

#.################. #.# #.
#.# #) ####.######## #.
#.......(.... #.
#.###.####### #. # #.# #.
#.# #. #@# ## #g# ###h###
#.....#
########.#.#.#.#####.#
#####.............h.......
.$....######.#.#.#...##...
####...#####.#.......#
#.........###.#......


You could see a jackal and a hobgoblin.

Vanquished Creatures
  An ogre (D:4)
  A centaur skeleton (D:4)
  An adder (D:3)
  A giant gecko (D:3)
  3 orcs
  2 giant cockroaches
  3 hobgoblins
  A quokka (D:4)
  2 bats (D:3)
  A goblin (D:1)
  3 kobolds (D:3)
  2 rats
21 creatures vanquished.

Notes
Turn   | Place    | Note
--------------------------------------------------------------
     0 | D:1      | patman the Kobold Gladiator began the quest for the Orb.
     0 | D:1      | Reached XP level 1. HP: 12/12 MP: 1/1
   193 | D:2      | You fall through a shaft!
   295 | D:3      | Reached XP level 2. HP: 17/17 MP: 2/2
   376 | D:3      | Reached XP level 3. HP: 19/21 MP: 3/3
   403 | D:4      | Noticed an ogre
   414 | D:4      | Killed an ogre
   414 | D:4      | Reached skill level 4 in Staves
   414 | D:4      | Reached XP level 4. HP: 26/26 MP: 4/4
   426 | D:4      | Reached skill level 5 in Staves
   426 | D:4      | Reached XP level 5. HP: 18/30 MP: 5/5
   456 | D:4      | Found a basalt altar of Yredelemnul.
   514 | D:4      | Found a deep blue altar of Sif Muna.
   528 | D:4      | Noticed nublet's ghost (amateur CeTm)
   581 | D:3      | Found a radiant altar of Vehumet.
   594 | D:3      | HP: 1/30 [hobgoblin (4)]
   595 | D:3      | Killed from afar by a hobgoblin

Vault maps used:
D:1:      minmay_arrival_doors
D:2:      nicolae_ru_the_path_less_chosen, minmay_cupped
D:3:      lemuel_crystal_altar, vehumet_altar_wand_db, kennysheep_small_spiral
D:4:      grunt_temple_overflow_bloody_war, lemuel_blue_sif_altar,
          yredelemnul_altar_generic

Action                   |  1- 3 |  4- 6 || total
-------------------------+-------+-------++-------
Melee: Quarterstaff      |    35 |    23 ||    58
Throw: Throwing net      |     3 |       ||     3
  Use: Scroll            |     3 |       ||     3
 Stab: Held in net/web   |     2 |       ||     2
  Eat: Chunk             |     6 |       ||     6
